 Dungeon Sprint DCSS version 0.14-a0-717-gc32513d (webtiles) character file.

3571 Bloax the Fighter (level 10, -4/67 HPs)
             Began as a Gargoyle Berserker on Nov 6, 2013.
             Was the Champion of Makhleb.
             Slain by Arirchaph the pandemonium lord (15 damage)
             ... in the Dungeon (Sprint V: "Ziggurat Sprint").
             The game lasted 00:04:08 (228 turns).

Bloax the Fighter (Gargoyle Berserker)               Turns: 228, Time: 00:04:08

HP  -4/67        AC 30     Str 41      XL: 10   Next:  9%
MP   0/9         EV  6     Int  8      God: Makhleb [******]
Gold 0           SH  0     Dex  9      Spells:  0 memorised,  9 levels left

Res.Fire  : + . .   See Invis. : .   D - +6 dark maul {crush}
Res.Cold  : + . .   Warding    : .   a - +5 gold dragon armour
Life Prot.: + . .   Conserve   : .   (no shield)
Res.Poison: +       Res.Corr.  : .   (no helmet)
Res.Elec. : .       Clarity    : .   (no cloak)
Sust.Abil.: . .     Spirit.Shd : .   (no gloves)
Res.Mut.  : .       Prev.Telep.: +   (no boots)
Res.Rott. : +       Flight     : .   (no amulet)
Saprovore : . . .                    C - +6 ring of strength
                                     B - +6 ring of strength

@: mighty, somewhat resistant to hostile enchantments, extremely unstealthy
A: fangs 1, talons 2, life protection 1, slow metabolism 1, unbreathing,
petrification resistance, AC +7
a: Minor Destruction, Lesser Servant of Makhleb, Major Destruction, Greater
Servant of Makhleb, Renounce Religion


You were in the Dungeon.
You worshipped Makhleb.
Makhleb was exalted by your worship.
You were not hungry.

You visited 1 branch


Innate Abilities, Weirdness & Mutations

You are resistant to torment.
You are immune to poison.
Your stone body is very resilient (AC +7).
You have very sharp teeth.
You have razor-sharp toenails.
You resist negative energy.
You have a slow metabolism.
You can survive without breathing.
You are immune to petrification.


   Skills:
 + Level 12.9 Fighting
 + Level 12.9 Maces & Flails
 + Level 12.6 Armour
 - Level 5.6 Dodging
   Level 6.9 Charms


You had 9 spell levels left.
You didn't know any spells.

Dungeon Overview and Level Annotations

Branches:
Dungeon (1/1)

Altars:
Ashenzari
Cheibriados
Elyvilon
Fedhas
Kikubaaqudgha
Makhleb
Nemelex Xobeh
Okawaru
Sif Muna
Trog
Vehumet
Xom
Yredelemnul
Zin
the Shining One
Beogh
Jiyva
Lugonu

Inventory:

Hand weapons
 D - the +6,+6 dark maul (weapon) {crush}
   (You found it in the Dungeon)

   It inflicts extra damage upon your enemies.
Armour
 a - a +5 gold dragon armour (worn)
   (You found it in the Dungeon)
Magical devices
 x - a wand of disintegration (7)
   (You found it in the Dungeon)
 y - a wand of fire (5)
   (You found it in the Dungeon)
 z - a wand of cold (3)
   (You found it in the Dungeon)
 A - a wand of draining (4)
   (You found it in the Dungeon)
Comestibles
 c - 5 bread rations
 v - 42 strawberries
 w - 4 meat rations
Scrolls
 i - 4 scrolls of blinking
 p - 3 scrolls of recharging
 q - 7 scrolls of fog
 r - 4 scrolls of identify
 s - 4 scrolls of remove curse
 t - 2 scrolls of fear
 u - a scroll of holy word
Jewellery
 B - a +6 ring of strength (left hand)
   (You found it in the Dungeon)
 C - a +6 ring of strength (right hand)
   (You found it in the Dungeon)
Potions
 b - 2 potions of brilliance
 d - 10 potions of curing
 e - 9 potions of heal wounds
 f - 6 potions of speed
 g - 7 potions of magic
 h - 3 potions of berserk rage
 j - a potion of invisibility
 k - 2 potions of restore abilities
 l - 4 potions of resistance
 n - 5 potions of agility
 o - 3 potions of might
Books
 E - Hisun's Sorcery, Part Two
   (You found it in the Dungeon)

   Spells                             Type                      Level
   Swiftness                          Charms/Air                   2
   Song of Slaying                    Charms                       2
   Throw Frost                        Conjuration/Ice              2
   Sure Blade                         Hexes/Charms                 2
   Corpse Rot                         Necromancy                   2
 G - a book of Battle
   (You found it in the Dungeon)

   Spells                             Type                      Level
   Infusion                           Charms                       1
   Shroud of Golubria                 Charms/Translocation         2
   Song of Slaying                    Charms                       2
   Spectral Weapon                    Hexes/Charms                 3
   Regeneration                       Charms/Necromancy            3
 H - the Reference Book on Ice and the Traveller
   (You found it in the Dungeon)

   Spells                             Type                      Level
   Apportation                        Translocation                1
   Freezing Aura                      Charms/Ice                   2
   Portal Projectile                  Translocation                2
   Ice Form                           Ice/Transmutation            4
   Passage of Golubria                Translocation                4
   Bolt of Cold                       Conjuration/Ice              6
Miscellaneous
 m - a fan of gales
   (You found it in the Dungeon)
 F - a phial of floods
   (You found it in the Dungeon)

8^8...#..8^8..#
..|[.:...#..[}|..#
#...)::...#....)..#
#.........#.......#
#.........#.......#
#.........#.).....#
#.......5.#...)...#
#.....55&5#.|(....#
#.....54@.#....(..#
###################
#..8^8..# #..:=}..#
#..).:..# #.......#
#.......# #.......#
#.......#


You could see Arirchaph, a hellwing, an iron imp, a white imp, a lemure and 2
ufetubi.


Message History

Found six items.
Unknown command.
Unknown command.
Drink which item? (? for menu, Esc to quit)
You feel very mighty all of a sudden. The hellwing gestures at you. You resist.
The ufetubus barely misses you. The ufetubus hits you.
The ufetubus barely misses you.
The ufetubus hits you but does no damage.
You crush Arirchaph like a grape!!! You bite Arirchaph!
Arirchaph is heavily wounded.
The ufetubus hits you but does no damage.
The ufetubus barely misses you. Arirchaph hits you!
The ufetubus barely misses you.
The ufetubus hits you but does no damage.
Arirchaph hits you!
* * * LOW HITPOINT WARNING * * *
You feel your power leaking away. Arirchaph hits you but does no damage.
The ufetubus hits you but does no damage.
The ufetubus barely misses you.
Unknown command.
Unknown command.
Unknown command.
Drink which item? (? for menu, Esc to quit)
You feel much better. The ufetubus barely misses you.
The ufetubus hits you but does no damage.
The ufetubus barely misses you.
The ufetubus hits you but does no damage.
The hellwing completely misses you.
The hellwing hits you but does no damage.
Unknown command.
Unknown command.
Unknown command.
You bludgeon Arirchaph!! You bite Arirchaph!!
Arirchaph is severely wounded.
Arirchaph hits you but does no damage. The ufetubus hits you.
The ufetubus hits you but does no damage.
Arirchaph hits you but does no damage.
The ufetubus hits you but does no damage.
The ufetubus barely misses you.
The ufetubus hits you but does no damage.
The ufetubus barely misses you. Arirchaph hits you.
The hellwing hits you but does no damage.
The ufetubus hits you but does no damage.
Arirchaph hits you.
* * * LOW HITPOINT WARNING * * *
The ufetubus hits you but does no damage.
The hellwing barely misses you.
The hellwing hits you but does no damage.
The ufetubus barely misses you.
The ufetubus hits you but does no damage.
Arirchaph hits you but does no damage.
The ufetubus hits you but does no damage.
Unknown command.
Unknown command.
You hit Arirchaph. You claw Arirchaph, but do no damage.
Arirchaph is severely wounded.
Arirchaph hits you.
* * * LOW HITPOINT WARNING * * *
The ufetubus hits you but does no damage.
The ufetubus barely misses you.
The ufetubus hits you but does no damage.
Arirchaph hits you!
* * * LOW HITPOINT WARNING * * *
The hellwing hits you but does no damage.
The ufetubus hits you but does no damage.
Arirchaph hits you!
You die...

Action                   |  1- 3 |  4- 6 |  7- 9 | 10-12 || total
-------------------------+-------+-------+-------+-------++-------
Melee: Maul              |     2 |     3 |    26 |     7 ||    38
Evoke: Wand              |     2 |     1 |       |       ||     3
       Miscellaneous     |     1 |       |       |       ||     1
  Use: Potion            |       |       |     3 |     2 ||     5

Vault maps used:
D:        sprint_v

Notes
Turn   | Place    | Note
--------------------------------------------------------------
     0 | D        | Bloax, the Gargoyle Berserker, began the quest for the Orb.
     0 | D        | Reached XP level 1. HP: 14/14 MP: 0/0
     6 | D        | Found an ancient bone altar of Kikubaaqudgha.
     7 | D        | Found an iron altar of Okawaru.
     7 | D        | Found a basalt altar of Yredelemnul.
     9 | D        | Found a radiant altar of Vehumet.
    27 | D        | Found a burning altar of Makhleb.
    27 | D        | Found a white marble altar of Elyvilon.
    29 | D        | Found a deep blue altar of Sif Muna.
    29 | D        | Found a sparkling altar of Nemelex Xobeh.
    37 | D        | Found a bloodstained altar of Trog.
    52 | D        | Fell from the grace of Trog
    52 | D        | Became a worshipper of Makhleb the Destroyer
    54 | D        | Found a shimmering altar of Xom.
    55 | D        | Entered arena 1.
    55 | D        | Noticed an insubstantial wisp
    55 | D        | Noticed an insubstantial wisp
    59 | D        | Identified Hisun's Sorcery, Part Two (You found it in the Dungeon)
    61 | D        | Entered arena 2.
    63 | D        | Reached skill level 4 in Maces & Flails
    63 | D        | Reached skill level 2 in Dodging
    63 | D        | Reached XP level 2. HP: 16/19 MP: 1/1
    64 | D        | Reached skill level 4 in Fighting
    64 | D        | Reached skill level 3 in Armour
    65 | D        | Acquired Makhleb's first power
    75 | D        | Entered arena 3.
    75 | D        | Noticed a dwarf
    75 | D        | Noticed a steam dragon
    75 | D        | Noticed a brown ugly thing
    78 | D        | Killed a brown ugly thing
    78 | D        | Reached skill level 6 in Fighting
    78 | D        | Reached skill level 6 in Maces & Flails
    78 | D        | Reached skill level 6 in Armour
    78 | D        | Reached skill level 4 in Dodging
    78 | D        | Reached XP level 3. HP: 20/24 MP: 2/2
    78 | D        | Reached XP level 4. HP: 25/30 MP: 3/3
    78 | D        | Reached XP level 5. HP: 29/35 MP: 4/4
    79 | D        | Killed a steam dragon
    79 | D        | Reached skill level 7 in Fighting
    79 | D        | Reached skill level 7 in Maces & Flails
    79 | D        | Reached skill level 7 in Armour
    79 | D        | Reached skill level 5 in Dodging
    79 | D        | Reached XP level 6. HP: 33/40 MP: 5/5
    79 | D        | Noticed a swamp drake
    79 | D        | a dwarf changed into a swamp drake
    79 | D        | Acquired Makhleb's second power
    81 | D        | Killed a swamp drake
    81 | D        | Reached skill level 8 in Fighting
    81 | D        | Reached skill level 8 in Maces & Flails
    81 | D        | Reached skill level 8 in Armour
    88 | D        | Entered arena 4.
    88 | D        | Noticed a steam dragon
    88 | D        | Noticed a steam dragon
    88 | D        | Noticed a steam dragon
    88 | D        | Noticed a swamp drake
    90 | D        | Killed a swamp drake
    90 | D        | Reached skill level 9 in Fighting
    90 | D        | Reached skill level 9 in Maces & Flails
    90 | D        | Reached XP level 7. HP: 44/46 MP: 6/6
    91 | D        | Killed a steam dragon
    91 | D        | Reached skill level 9 in Armour
    93 | D        | Killed a steam dragon
    93 | D        | Acquired Makhleb's third power
    93 | D        | Reached skill level 10 in Fighting
    93 | D        | Reached skill level 10 in Maces & Flails
    94 | D        | Killed a steam dragon
    94 | D        | Reached skill level 10 in Armour
    94 | D        | Reached XP level 8. HP: 51/53 MP: 7/7
    98 | D        | Identified the Guide on Igneous Combat Magic
   101 | D        | Identified the Reference Book on Ice and the Traveller
   102 | D        | Entered arena 5.
   102 | D        | Noticed a deep elf fighter
   102 | D        | Noticed a deep elf conjurer
   102 | D        | Noticed a deep elf conjurer
   106 | D        | HP: 5/53 [deep elf conjurer/bolt of fire (19)]
   108 | D        | Reached skill level 6 in Charms
   108 | D        | Reached XP level 9. HP: 24/58 MP: 8/8
   111 | D        | Killed a deep elf conjurer
   111 | D        | Reached skill level 11 in Fighting
   111 | D        | Reached skill level 11 in Maces & Flails
   113 | D        | Killed a deep elf conjurer
   113 | D        | Reached skill level 11 in Armour
   115 | D        | Killed a deep elf fighter
   115 | D        | Acquired Makhleb's fourth power
   115 | D        | Reached skill level 12 in Fighting
   115 | D        | Reached skill level 12 in Maces & Flails
   150 | D        | Entered arena 6.
   150 | D        | Noticed a merfolk
   150 | D        | Noticed a centaur
   150 | D        | Noticed a centaur
   150 | D        | Noticed a merfolk
   156 | D        | Killed a centaur
   157 | D        | Killed a merfolk
   157 | D        | Acquired Makhleb's fifth power
   157 | D        | Reached skill level 12 in Armour
   158 | D        | Killed a centaur
   162 | D        | Killed a merfolk
   191 | D        | Entered arena 7.
   191 | D        | Noticed an iguana
   191 | D        | Noticed a porcupine
   191 | D        | Noticed a wolf
   191 | D        | Noticed a wolf
   196 | D        | Killed an iguana
   197 | D        | Killed a wolf
   197 | D        | Reached XP level 10. HP: 36/66 MP: 9/9
   199 | D        | Killed a wolf
   200 | D        | Killed a porcupine
   217 | D        | Identified the Catalogue of Black Rituals
   220 | D        | Entered arena 8.
   220 | D        | Noticed Arirchaph the pandemonium lord
   220 | D        | Noticed an iron imp
   220 | D        | Noticed a hellwing
   228 | D        | HP: 11/67 [Arirchaph the pandemonium lord (18)]
   228 | D        | Slain by Arirchaph the pandemonium lord

Vanquished Creatures
  2 deep elf conjurers (D)
  An ugly thing (D)
  A steam dragon (shapeshifter) (D)
  2 merfolk (D)
  A deep elf fighter (D)
  3 steam dragons (D)
  2 wolves (D)
  A swamp drake (shapeshifter) (D)
  A porcupine (D)
  A swamp drake (D)
  2 centaurs (D)
  An iguana (D)
  3 sheep (D)
  A giant centipede (D)
  2 giant mites (D)
  A bat (D)
25 creatures vanquished.

Vanquished Creatures (collateral kills)
  A giant eyeball (shapeshifter) (D)
1 creature vanquished.

Grand Total: 26 creatures vanquished
